 Dungeon Crawl Stone Soup version 0.27-b1-42-g19c61b19a5 (webtiles) character file.

Game seed: 2158483585774847849

1129 MacCMillion the Chopper (level 8, -4/61 (68) HPs)
             Began as a Minotaur Fighter on July 30, 2021.
             Was a Follower of Makhleb.
             Slain by a wight (9 damage)
             ... on level 7 of the Dungeon.
             The game lasted 00:11:03 (4894 turns).

MacCMillion the Chopper (Minotaur Fighter)          Turns: 4894, Time: 00:11:05

HP:   -4/61 (68)    AC:  7    Str: 23    XL:     8   Next: 13%
MP:   9/9           EV: 12    Int:  5    God:    Makhleb [*.....]
Gold: 222           SH: 10    Dex: 10    Spells: 7/7 levels left

rFire    . . .     SeeInvis .   w - +5 hand axe
rCold    . . .     Faith    .   c - +0 kite shield
rNeg     . . .     Spirit   .   b - +0 scale mail
rPois    .         Reflect  .   (helmet restricted)
rElec    .         Harm     .   (no cloak)
rCorr    +         Rampage  .   (no gloves)
Will     .....                  (no boots)
Stlth    ..........             (no amulet)
HPRegen  0.20/turn              e - +4 ring of evasion
MPRegen  0.11/turn              r - ring of resist corrosion

@: mighty, heavily drained
A: horns 2, retaliatory headbutt
a: Renounce Religion


You were on level 7 of the Dungeon.
You worshipped Makhleb.
Makhleb was aware of your devotion.
You visited 1 branch of the dungeon, and saw 7 of its levels.

You collected 222 gold pieces.

Inventory:

Hand Weapons
 a - a +0 war axe
 w - a +5 hand axe (weapon)
Armour
 b - a +0 scale mail (worn)
 c - a +0 kite shield (worn)
Jewellery
 e - a +4 ring of evasion (left hand)
 p - the ring "Mawauw" {rN+ Will- rCorr Stlth+}
   (You found it on level 4 of the Dungeon)

   [ring of resist corrosion]

   rN:        It protects you from negative energy.
   rCorr:     It protects you from acid and corrosion.
   Will:      It decreases your willpower.
   Stlth:     It makes you more stealthy.
 r - a ring of resist corrosion (right hand)
 v - an amulet of reflection
Wands
 m - a wand of polymorph (5)
 u - a wand of iceblast (9)
Scrolls
 f - a scroll of blinking {unknown}
 g - 2 scrolls of identify
 o - a scroll of brand weapon {unknown}
 s - a scroll of teleportation {unknown}
 t - a scroll of vulnerability {unknown}
Potions
 h - 2 potions of resistance
 i - 2 potions of curing {unknown}
 j - a potion of brilliance {unknown}
 k - 2 potions of ambrosia {unknown}
 l - 4 potions of heal wounds {unknown}
 n - 2 potions of mutation {unknown}
 q - a potion of flight {unknown}


   Skills:
 - Level 5.0 Fighting
 * Level 7.8 Axes
 - Level 5.0 Armour
 + Level 6.9 Shields
 + Level 3.4 Invocations


You had 7 spell levels left.
You didn't know any spells.
Your spell library contained the following spells:

 Spells                   Type           Power      Damage    Failure   Level
 Corona                   Hex            0%         N/A       98%         1
 Summon Small Mammal      Summ           0%         N/A       98%         1
 Ensorcelled Hibernation  Hex/Ice        0%         N/A       99%         2
 Static Discharge         Conj/Air       0%         N/A       99%         2
 Call Canine Familiar     Summ           0%         N/A       100%        3
 Gell's Gravitas          Tloc           0%         N/A       100%        3
 Summon Guardian Golem    Hex/Summ       0%         N/A       100%        3
 Teleport Other           Tloc           0%         N/A       100%        3
 Tukima's Dance           Hex            0%         N/A       100%        3
 Dispel Undead            Necr           0%         3d6       100%        4
 Sticky Flame             Conj/Fire      0%         2d3       100%        4
 Dispersal                Tloc           0%         N/A       100%        6


Dungeon Overview and Level Annotations

Branches:
Dungeon (7/15)
 Temple: D:4-7

Altars:
Makhleb

Shops:
D:3 :[!

Annotations:
D:6 Sigmund


Innate Abilities, Weirdness & Mutations

You have a pair of horns on your head.
You reflexively headbutt those who attack you in melee.


Message History

A wight comes into view. It is wielding a +0 hand axe.
The wight hits you with a +3 halberd!
You feel drained.
You completely miss the wight. You headbutt the wight!
The wight is heavily damaged.
The wight completely misses you. You furiously retaliate!
You headbutt the wight. You completely miss the wight.
Your headbutt misses the wight.
The wight is heavily damaged.
You block the wight's attack.
You closely miss the wight.
The wight is heavily damaged.
You block the wight's attack.
You hit the wight.
The wight is severely damaged.
You hit the wight. The wight barely misses you.
The wight hits you with a +3 halberd!
You feel drained.
You feel very mighty all of a sudden. The wight closely misses you.
You furiously retaliate!
You headbutt the wight. The wight closely misses you.
You barely miss the wight.
The wight is severely damaged.
You slash the wight! You barely miss the wight.
The wight hits you with a +3 battleaxe!
* * * LOW HITPOINT WARNING * * *
You feel drained.
* * * LOW HITPOINT WARNING * * *
You block the wight's attack. The wight completely misses you.
Your shield and scale mail prevent you from hitting the wight.
The wight is severely damaged.
You hit the wight. You slash the wight! The wight hits you with a +3 battleaxe.
* * * LOW HITPOINT WARNING * * *
The wight barely misses you. The wight misses you.
Unknown command.
You closely miss the wight. Your headbutt misses the wight.
The wight is severely damaged.
You slash the wight!
You destroy the wight!
Makhleb accepts your kill.
You closely miss the wight. The wight hits you with a +3 halberd!
You die...

#.[.......#..
#)##........# #.#
.####.(.# #z# :#
#...# #.# .# #...#
#.# .# #...# #.#
.####...##
######.##.##....)z#
......>...##....@.#
#######.########z##
#...z......#
#.########## #.#
#.# #.# #.# #.#


You could see 2 wights.

Vanquished Creatures
  Edmund (D:4)
  A water moccasin (D:5)
  2 necrophages (D:5)
  An ogre (D:5)
  A water moccasin skeleton (D:5)
  3 wights (D:7)
  A centaur zombie (D:5)
  2 jellies
  A gnoll shaman (D:4)
  An iguana (D:4)
  Natasha (thrice) (D:3)
  6 adders
  16 gnolls
  An ufetubus (D:5)
  A worm (D:2)
  2 dart slugs
  9 orcs
  4 bats
  6 endoplasms
  5 goblins
  3 hobgoblins
  5 jackals
  2 quokkas
  8 ball pythons
  2 frilled lizards (D:2)
  6 kobolds
  2 rats
95 creatures vanquished.

Notes
Turn   | Place    | Note
-------+----------+-------------------------------------------
     0 | D:1      | MacCMillion the Minotaur Fighter began the quest for the
                  | Orb.
     0 | D:1      | Reached XP level 1. HP: 19/19 MP: 0/0
   401 | D:1      | Reached XP level 2. HP: 27/27 MP: 1/1
   950 | D:2      | Reached skill level 3 in Axes
   971 | D:2      | Reached XP level 3. HP: 33/33 MP: 2/2
  1204 | D:2      | Reached XP level 4. HP: 34/40 MP: 3/3
  1466 | D:2      | Found a burning altar of Makhleb.
  1472 | D:2      | Became a worshipper of Makhleb the Destroyer
  1789 | D:3      | Found Piphaypp's Antique Armour Shop.
  1791 | D:3      | Noticed Natasha
  1796 | D:3      | Killed Natasha
  1797 | D:3      | Reached XP level 5. HP: 42/47 MP: 4/4
  2010 | D:3      | Reached skill level 4 in Axes
  2063 | D:3      | Found Hymnah's Distillery.
  2102 | D:3      | Noticed Natasha
  2117 | D:3      | Killed Natasha
  2118 | D:3      | Reached skill level 5 in Fighting
  2118 | D:3      | Reached skill level 5 in Armour
  2249 | D:3      | Noticed Natasha
  2262 | D:3      | Killed Natasha
  2263 | D:3      | Reached skill level 5 in Shields
  2322 | D:3      | Found a burning altar of Makhleb.
  2470 | D:3      | Found Kokuts's Book Shoppe.
  2724 | D:4      | Reached XP level 6. HP: 44/56 MP: 5/5
  2830 | D:4      | Noticed Edmund
  2835 | D:4      | Identified the ring "Mawauw" {rN+ Will- rCorr Stlth+}
  2882 | D:4      | Killed Edmund
  2883 | D:4      | Reached skill level 5 in Axes
  2883 | D:4      | Reached skill level 1 in Invocations
  3125 | D:4      | Reached * piety under Makhleb
  3805 | D:5      | Entered Level 5 of the Dungeon
  3822 | D:5      | Reached XP level 7. HP: 42/61 MP: 7/7
  3931 | D:5      | Reached skill level 6 in Axes
  4080 | D:5      | Reached skill level 7 in Axes
  4531 | D:5      | Reached XP level 8. HP: 59/68 MP: 9/9
  4697 | D:6      | Noticed a two-headed ogre
  4812 | D:6      | Noticed Sigmund
  4894 | D:7      | Slain by a wight

Illustrated notes

Levels and vault maps discovered:
D:1:      heliophobic_arrival_dark_side_of_the_moon, layout_loops_ring
D:2:      layout_loops_ring, basic_altar, corexii_corridor_pit
D:3:      layout_rooms, nicolae_overflow_crystal_walls, serial_shops, shop,
          shop_fountains, shop, kennysheep_generic_room_14, uniq_natasha
D:4:      wander_river, layout_basic, uniq_edmund
D:5:      layout_rooms, corexii_shack, grunt_decor_junction
D:6:      layout_cave_pools, centaur_isle, uniq_sigmund
D:7:      layout_basic, nicolae_qazlal_style_of_elements,
          minmay_temple_entry_sparse_star, enter_bailey_3

Skill      XL: |  1  2  3  4  5  6  7 |
---------------+----------------------+-----
Armour         | 4 5 |  5.0
Fighting       | 4 5 |  5.0
Shields        | 4 5 6 |  6.9
Axes           | 3 4 5 7 |  7.8
Invocations    | 2 3 |  3.4

Action                   |  1- 3 |  4- 6 |  7- 9 || total
-------------------------+-------+-------+-------++-------
Melee: War axe           |    83 |   112 |    63 ||   258
       Headbutt          |    11 |    14 |    15 ||    40
       Hand axe          |       |       |     7 ||     7
  Use: Scroll            |       |     1 |       ||     1
       Potion            |       |     1 |     1 ||     2
Armor: Scale mail        |    40 |    34 |    20 ||    94
Dodge: Dodged            |    17 |    44 |    46 ||   107
Block: Kite shield       |    52 |    54 |    38 ||   144
